 Dungeon Crawl Stone Soup version 0.30-a0-782-ge64f9170bb (webtiles) character file.

Game seed: 10037630702251774327

72144 funkygono the Severer (level 15, -3/141 HPs)
             Began as a Minotaur Fighter on Mar 16, 2023.
             Was a High Priest of Okawaru.
             Slain by a salamander mystic
             ... wielding a +0 heavy scimitar
              (15 damage)
             ... on level 1 of the Snake Pit.
             The game lasted 00:37:52 (18968 turns).

funkygono the Severer (Minotaur Fighter)           Turns: 18968, Time: 00:37:53

Health: -3/141     AC: 27    Str: 35    XL:     15   Next: 0%
Magic:  3/6        EV: 14    Int:  5    God:    Okawaru [*****.]
Gold:   473        SH: 25    Dex: 14    Spells: 14/14 levels left

rFire   . . .      SeeInvis .    U - +5 broad axe (flame)
rCold   . . .      Faith    .    E - +5 Storm Queen's Shield {shock, Fly rElec}
rNeg    . . .      Spirit   .    K - +0 plate armour
rPois   .          Reflect  +    J - +1 hat
rElec   +          Harm     .    b - +1 cloak {Will+}
rCorr   .          Rampage  .    j - +1 pair of gloves
Will    ++...                    N - +0 pair of boots Stlth
                                 k - amulet of reflection
HPRegen 0.43/turn                D - ring "Gedunuoc" {MP-9 EV+5 Str+2 Dex+3}
MPRegen 0.10/turn                P - +6 ring of strength

@: lethally poisoned (-3 -> -13), heroic, flying, slowed, constricted, very slow
A: horns 2, retaliatory headbutt
a: Renounce Religion, Heroism, Finesse, Duel


You were on level 1 of the Snake Pit.
You worshipped Okawaru.
Okawaru was extremely pleased with you.
You visited 4 branches of the dungeon, and saw 19 of its levels.

You collected 2381 gold pieces.
You spent 1908 gold pieces at shops.

Inventory:

Hand Weapons
 a - a +2 war axe of protection
 c - the +8 Wrath of Trog {antimagic, *Rage Rampage}
   (You acquired it on level 3 of the Dungeon)

   It causes slowness and exhaustion when equipped.
   It extends the wielder's berserk rage when killing foes.
   *Rage:     It berserks you when you make melee attacks (+50% chance).
   Rampage:   It bestows one free step when moving towards enemies.
 m - a +2 heavy sling
 U - a +5 broad axe of flaming (weapon)
Missiles
 p - 4 silver boomerangs
 R - 10 boomerangs (quivered)
Armour
 b - a +1 cloak of willpower (worn)
 j - a +1 pair of gloves (worn)
 E - the +5 Storm Queen's Shield (worn) {shock, Fly rElec}
   (You bought it in a shop on level 2 of the Orcish Mines)

   Shock:     When it blocks an attack, it may electrocute the attacker.
   This works even against foes who are a short distance away.
   rElec:     It insulates you from electricity.
   Fly:       It grants you flight.
 J - a +1 hat (worn)
 K - a +0 plate armour (worn)
 N - a +0 pair of boots (worn)
Jewellery
 k - an amulet of reflection (around neck)
 l - a +5 ring of evasion
 q - a ring of willpower
 y - an amulet of the acrobat
 B - a ring of flight
 D - the ring "Gedunuoc" (left hand) {MP-9 EV+5 Str+2 Dex+3}
   (You acquired it on level 3 of the Lair of Beasts)

   [ring of evasion]

   EV:        It affects your evasion (+5).
   Str:       It affects your strength (+2).
   Dex:       It affects your dexterity (+3).
   MP:        It affects your magic capacity (-9).
 H - a ring of see invisible
 P - a +6 ring of strength (right hand)
 S - a ring of protection from cold
Wands
 g - a wand of flame (31)
 n - a wand of roots (8)
 r - a wand of digging (1)
 A - a wand of mindburst (10)
Scrolls
 e - a scroll of poison
 t - a scroll of blinking
 u - 8 scrolls of teleportation
 w - 3 scrolls of fog
 z - 2 scrolls of magic mapping
 G - 2 scrolls of identify
 Q - a scroll of fear
 T - 3 scrolls of silence
Potions
 d - a potion of might
 f - 3 potions of ambrosia
 h - 11 potions of curing
 i - 2 potions of berserk rage
 o - 6 potions of mutation
 s - 6 potions of heal wounds
 v - 2 potions of magic
 x - a potion of cancellation
 C - a potion of resistance {unknown}
 F - 4 potions of flight
 I - a potion of haste
 X - a potion of invisibility


   Skills:
 + Level 15.2(20.2) Fighting
 + Level 19.8(24.8) Axes
 + Level 14.7(19.7) Armour
 + Level 2.8(7.8) Dodging
 + Level 0.1(5.1) Stealth
 + Level 14.0(19.0) Shields
 + Level 2.6 Invocations
 + Level 1.3 Evocations


You had 14 spell levels left.
You didn't know any spells.
Your spell library contained the following spells:

 Spells                   Type           Power      Damage    Failure   Level
 Blink                    Tloc           0%         N/A       99%         2
 Ensorcelled Hibernation  Hex/Ice        0%         N/A       99%         2
 Passwall                 Tmut/Erth      0%         N/A       99%         2
 Static Discharge         Conj/Air       0%         2-2/arc   99%         2
 Frozen Ramparts          Ice            0%         1d1       100%        3
 Hailstorm                Conj/Ice       0%         3d3       100%        3
 Stone Arrow              Conj/Erth      0%         3d7       100%        3
 Swiftness                Air            0%         N/A       100%        3
 Vhi's Electric Charge    Tloc/Air       0%         N/A       100%        3
 Anguish                  Hex/Necr       0%         N/A       100%        4
 Ice Form                 Ice/Tmut       0%         N/A       100%        4
 Manifold Assault         Tloc           0%         N/A       100%        4
 Arcjolt                  Conj/Air       0%         1d10      100%        5
 Lightning Bolt           Conj/Air       0%         1d11      100%        5
 Yara's Violent Unravell  Hex/Tmut       0%         3d3       100%        5
 Dispersal                Tloc           0%         N/A       100%        6
 Enfeeble                 Hex            0%         N/A       100%        7
 Orb of Destruction       Conj           0%         9d5       100%        7
 Storm Form               Tmut/Air       0%         N/A       100%        7
 Disjunction              Tloc           0%         N/A       100%        8
 Lehudib's Crystal Spear  Conj/Erth      0%         10d2      100%        8
 Summon Guardian Golem    Hex/Summ       Unusable   N/A       N/A         3
 Animate Armour           Summ/Erth      Unusable   N/A       N/A         4
 Summon Ice Beast         Ice/Summ       Unusable   N/A       N/A         4
 Simulacrum               Ice/Necr       Unusable   N/A       N/A         6
 Spellforged Servitor     Conj/Summ      Unusable   N/A       N/A         7

Dungeon Overview and Level Annotations

Branches:
Dungeon (11/15)            Temple (0/1) D:7            Lair (5/5) D:11
  Swamp (0/4) Lair:2        Snake (1/4) Lair:2        Slime (0/5) Lair:4
    Orc (2/2) D:9             Elf (0/3) Orc:2

Altars:
Ashenzari
Cheibriados
Dithmenos
Elyvilon
Hepliaklqana
Kikubaaqudgha
Makhleb
Nemelex Xobeh
Okawaru
Qazlal
Trog
Uskayaw
Wu Jian
Xom
Yredelemnul
Zin

Shops:
D:9 =   Orc:2 (=[*

Annotations:
D:4 3 runed translucent doors, jazmu's ghost, weakling DsEE


Innate Abilities, Weirdness & Mutations

You have a pair of horns on your head.
You reflexively headbutt those who attack you in melee.


Message History

The shock serpent completely resists.
The nagaraja hits you but does no damage.
The anaconda bites you.
* * * LOW HITPOINT WARNING * * *
The nagaraja completely misses you. You furiously retaliate!
You headbutt the nagaraja! The nagaraja constricts you.
* * * LOW HITPOINT WARNING * * *
The nagaraja barely misses you. You furiously retaliate!
You headbutt the nagaraja!! You block the shock serpent's attack.
Your shield discharges, shocking the shock serpent!
The shock serpent completely resists.
Unknown command.
You feel much better.
* * * LOW HITPOINT WARNING * * *
You feel extremely sick. The anaconda barely misses you.
You block the shock serpent's attack.
You block the salamander mystic's attack.
The anaconda bites you!
* * * LOW HITPOINT WARNING * * *
The nagaraja hits you with a +0 whip.
* * * LOW HITPOINT WARNING * * *
The nagaraja hits you but does no damage.
The nagaraja constricts you!
* * * LOW HITPOINT WARNING * * *
The shock serpent closely misses you. The anaconda closely misses you.
You furiously retaliate!
You headbutt the anaconda!!
The nagaraja gestures at you while chanting.
You resist with significant effort.
You feel much better.
You feel very sick. You block the anaconda's attack.
The shock serpent closely misses you. You furiously retaliate!
You headbutt the shock serpent.
The shock serpent's electric aura discharges, shocking you!
You resist. The nagaraja hits you with a +0 whip.
* * * LOW HITPOINT WARNING * * *
You block the nagaraja's attack. The nagaraja constricts you.
The salamander mystic hits you with a +0 heavy scimitar.
* * * LOW HITPOINT WARNING * * *
You are engulfed in flames!
You die...

.........### .......###
.# ## ##. ..)....# .##.
.# ..# ......####.#.#.#
.... ...)..#..≈.##.##
..... ......##.##.†..#
#.....
≈.....#.#.)#...###S.....
.§...#.)#..#..#†NN#.....
§.§≈≈#...######)@SN#
§≈§..#..#).# #.NS#.....
§.....#.#..# ..###N.....
......##.##.... #.....
......# .≈.##.# .....
......####S#.#.# ....
.......# ##. # ..#
####.### . ##. ####.###


You could see 2 nagarajas, a naga sharpshooter, a salamander mystic, a
salamander, an anaconda, a shock serpent and a guardian serpent.

Vanquished Creatures
  Frances (Snake:1)
  An orc warlord (Orc:2)
  Josephine (D:10)
  The ghost of Osmutonn the Geomancer, a journeyman DsEE of Ru (D:11)
  The ghost of QuickerDeath the Fencer, a journeyman MfHu of Ashenzari (D:11)
  4 hydras
  Harold (D:10)
  Erolcha (Orc:2)
  An ice dragon (Lair:5)
  2 anacondas (Snake:1)
  A boulder beetle (D:11)
  A catoblepas (Lair:3)
  2 two-headed ogres
  An orc high priest (Orc:2)
  A shock serpent (Snake:1)
  7 death yaks
  Amaemon (D:8)
  Lodul (D:10)
  3 skeletal warriors (D:11)
  2 lindwurms (Lair:5)
  4 orc knights (Orc:2)
  3 orc sorcerers
  A cyclops (D:11)
  4 elephants (Lair:4)
  Joseph (D:7)
  A guardian serpent (Snake:1)
  6 salamanders (Snake:1)
  13 black mambas
  2 naga magi (Snake:1)
  14 cane toads
  An unseen horror (D:11)
  An orange demon (D:8)
  6 torpor snails
  4 rime drakes
  6 trolls
  11 komodo dragons
  3 polar bears
  8 hornets (Lair:5)
  3 tyrant leeches (Lair:5)
  17 blink frogs
  2 dream sheep
  3 slime creatures (Lair:4)
  Sigmund (D:2)
  6 wraiths
  46 yaks
  6 wyverns
  2 basilisks
  Menkaure (D:7)
  3 wargs (Orc:2)
  2 acid dragons
  3 nagas
  A swamp worm (Lair:2)
  12 water moccasins
  23 orc warriors
  2 black bears
  2 ice beasts (D:9)
  Duvessa (D:7)
  2 sky beasts
  20 wolves
  13 ogres
  5 centaurs
  A phantom (D:4)
  18 bullfrogs
  3 kobold brigands
  Blork the orc (D:5)
  A gnoll sergeant (D:7)
  3 scorpions
  8 wights
  Dowan (D:7)
  6 electric eels
  5 jellies
  4 hounds
  14 orc priests
  5 iguanas
  14 orc wizards
  2 killer bee simulacra (D:9)
  8 adders
  12 gnolls
  2 shadow imps
  3 white imps
  A howler monkey simulacrum (D:9)
  A worm (D:4)
  42 orcs
  3 ball pythons
  A bat zombie (D:8)
  4 endoplasms
  4 giant cockroaches
  3 hobgoblins
  3 jackals (D:5)
  2 quokkas
  3 bats (D:1)
  3 frilled lizards (D:2)
  3 goblins
  17 kobolds
  9 rats
  3 rat zombies (D:8)
  2 bushes (Lair:3)
514 creatures vanquished.

Vanquished Creatures (others)
  A black mamba (Snake:1)
  15 fungi
  36 plants
52 creatures vanquished.

Grand Total: 566 creatures vanquished

Notes
Turn   | Place    | Note
-------+----------+-------------------------------------------
     0 | D:1      | funkygono the Minotaur Fighter began the quest for the Orb.
     0 | D:1      | Reached XP level 1. HP: 19/19 MP: 0/0
   372 | D:1      | Reached XP level 2. HP: 27/27 MP: 1/1
   652 | D:2      | Noticed Sigmund
   660 | D:2      | Killed Sigmund
   661 | D:2      | Reached skill level 4 in Axes
   661 | D:2      | Reached skill level 5 in Armour
   661 | D:2      | Reached XP level 3. HP: 17/34 MP: 2/2
   661 | D:2      | Reached XP level 4. HP: 21/41 MP: 3/3
   661 | D:2      | Reached XP level 5. HP: 24/47 MP: 4/4
  1454 | D:3      | Found a glowing silver altar of Zin.
  1695 | D:3      | Reached skill level 5 in Fighting
  1808 | D:3      | Identified a scroll of acquirement
  1808 | D:3      | Acquired the +8 Wrath of Trog {antimagic, *Rage Rampage}
  1808 | D:3      | Found the +8 Wrath of Trog {antimagic, *Rage Rampage}
  1842 | D:4      | Reached XP level 6. HP: 56/56 MP: 5/5
  2142 | D:4      | Found a runed translucent gate.
  2142 | D:4      | Found a runed translucent gate.
  2143 | D:4      | Noticed jazmu's ghost (weakling DsEE)
  2144 | D:4      | Found a runed translucent gate.
  2259 | D:4      | Noticed a moth of wrath
  2262 | D:4      | Found a bloodstained altar of Trog.
  2275 | D:4      | Identified the +6 dagger "Enicw" {freeze, rElec rF+ Int-5}
  2335 | D:4      | Reached skill level 5 in Axes
  2465 | D:4      | Found an iron altar of Okawaru.
  2575 | D:5      | Entered Level 5 of the Dungeon
  2603 | D:5      | Found a hazy altar of Hepliaklqana.
  2604 | D:5      | Found a shadowy altar of Dithmenos.
  2608 | D:5      | Noticed a shadow
  2703 | D:4      | Became a worshipper of Warmaster Okawaru
  2822 | D:5      | Noticed a water moccasin
  2830 | D:5      | Killed a water moccasin
  2831 | D:5      | Reached skill level 6 in Axes
  2831 | D:5      | Reached XP level 7. HP: 38/61 MP: 6/6
  2960 | D:5      | Reached skill level 1 in Dodging
  2960 | D:5      | Reached skill level 5 in Shields
  3008 | D:5      | Reached * piety under Okawaru
  3046 | D:5      | Noticed Blork the orc
  3051 | D:5      | Killed Blork the orc
  3083 | D:5      | Noticed a +0 hand axe
  3084 | D:5      | Noticed a +0 hand axe
  3089 | D:5      | Reached skill level 7 in Axes
  3103 | D:5      | Found a hide-covered altar of Uskayaw.
  3145 | D:5      | Found an ornate altar of the Wu Jian Council.
  3145 | D:5      | Found a stormy altar of Qazlal.
  3330 | D:5      | Found a shimmering altar of Xom.
  3330 | D:5      | Found a shimmering altar of Xom.
  3333 | D:5      | Found a shimmering altar of Xom.
  3334 | D:5      | Found a shimmering altar of Xom.
  3334 | D:5      | Found a shimmering altar of Xom.
  3389 | D:5      | Reached XP level 8. HP: 70/70 MP: 7/7
  3672 | D:6      | Reached skill level 8 in Axes
  3677 | D:6      | Reached ** piety under Okawaru
  3929 | D:6      | Reached skill level 9 in Axes
  4175 | D:7      | Noticed Dowan
  4175 | D:7      | Noticed Duvessa
  4180 | D:7      | Killed Duvessa
  4187 | D:7      | Killed Dowan
  4268 | D:7      | Found a white marble altar of Elyvilon.
  4277 | D:7      | Reached XP level 9. HP: 78/79 MP: 8/8
  4350 | D:7      | Identified the +0 chain mail of Sadieh {MP+9}
  4383 | D:7      | Noticed Menkaure
  4391 | D:7      | Killed Menkaure
  4495 | D:7      | Reached *** piety under Okawaru
  4520 | D:7      | Found a staircase to the Ecumenical Temple.
  4994 | D:7      | Reached skill level 10 in Axes
  5325 | D:8      | Noticed Joseph
  5335 | D:7      | Killed Joseph
  5489 | D:8      | Reached **** piety under Okawaru
  5700 | D:8      | Found an ancient bone altar of Kikubaaqudgha.
  5730 | D:8      | Noticed a two-headed ogre
  5734 | D:8      | Killed a two-headed ogre
  5735 | D:8      | Reached skill level 11 in Axes
  5868 | D:8      | Reached XP level 10. HP: 90/90 MP: 9/9
  5905 | D:8      | Noticed an orange demon
  5909 | D:8      | Noticed Amaemon
  5914 | D:8      | Killed an orange demon
  5924 | D:8      | Killed Amaemon
  6099 | D:8      | Found a broken altar of Ashenzari.
  6102 | D:8      | Found a basalt altar of Yredelemnul.
  6210 | D:8      | Found a snail-covered altar of Cheibriados.
  6461 | D:9      | Reached skill level 12 in Axes
  6493 | D:9      | Found a staircase to the Orcish Mines.
  6495 | D:9      | Noticed a death yak
  6503 | D:9      | Killed a death yak
  6503 | D:9      | Reached ***** piety under Okawaru
  6504 | D:9      | Reached skill level 10 in Armour
  6693 | D:9      | Found a burning altar of Makhleb.
  6962 | D:9      | Found Natafisk's Jewellery Shoppe.
  6967 | D:9      | Bought a +6 ring of strength for 540 gold pieces
  7041 | D:9      | Reached skill level 1 in Invocations
  7232 | D:10     | Entered Level 10 of the Dungeon
  7241 | D:10     | Received a gift from Okawaru
  7242 | D:10     | Reached skill level 13 in Axes
  7269 | D:10     | Noticed Josephine
  7274 | D:10     | Reached XP level 11. HP: 92/99 MP: 7/10
  7276 | D:10     | Killed Josephine
  7277 | D:10     | Reached skill level 10 in Fighting
  7475 | D:10     | Noticed Lodul
  7488 | D:10     | Killed Lodul
  7492 | D:10     | Reached skill level 14 in Axes
  7789 | D:10     | Noticed Harold
  7794 | D:10     | Killed Harold
  7883 | D:10     | Found a sparkling altar of Nemelex Xobeh.
  8726 | D:11     | Found a staircase to the Lair.
  8731 | D:11     | Noticed a boulder beetle
  8740 | D:11     | Killed a boulder beetle
  9237 | D:11     | Found a runed translucent gate.
  9237 | D:11     | Found a runed translucent gate.
  9239 | D:11     | Found a runed translucent gate.
  9239 | D:11     | Noticed Osmutonn's ghost (journeyman DsEE)
  9239 | D:11     | Noticed QuickerDeath's ghost (journeyman MfHu)
  9240 | D:11     | Noticed a two-headed ogre
  9244 | D:11     | Killed a two-headed ogre
  9244 | D:11     | Received a gift from Okawaru
  9245 | D:11     | Reached skill level 15 in Axes
  9445 | D:11     | Noticed a skeletal warrior
  9445 | D:11     | Noticed a skeletal warrior
  9447 | D:11     | Noticed a skeletal warrior
  9450 | D:11     | Killed a skeletal warrior
  9457 | D:11     | Killed a skeletal warrior
  9458 | D:11     | Killed a skeletal warrior
  9459 | D:11     | Reached XP level 12. HP: 43/110 MP: 10/12
  9840 | Lair:1   | Entered Level 1 of the Lair of Beasts
 10145 | Lair:1   | Identified the +1 ring mail of Fisch {rElec rPois Int+2}
 10677 | Lair:2   | Reached skill level 16 in Axes
 10679 | Lair:2   | Identified the +5 battleaxe of Wijo {flame, Will+ Int+3}
                  | (Okawaru gifted it to you on level 2 of the Lair of Beasts)
 10679 | Lair:2   | Received a gift from Okawaru
 10729 | Lair:2   | Reached skill level 10 in Shields
 10893 | Lair:2   | Found a staircase to the Snake Pit.
 11263 | Lair:2   | Reached skill level 17 in Axes
 11279 | Lair:2   | Noticed a five-headed hydra
 11292 | Lair:2   | Killed a one-headed hydra
 11308 | Lair:2   | Noticed an eight-headed hydra
 11317 | Lair:2   | Killed a two-headed hydra
 11318 | Lair:2   | Identified the +5 scale mail of the Summoning Gods {Int+4}
                  | (Okawaru gifted it to you on level 2 of the Lair of Beasts)
 11318 | Lair:2   | Received a gift from Okawaru
 11319 | Lair:2   | Reached XP level 13. HP: 38/119 MP: 13/13
 11595 | Lair:2   | Found a staircase to the Swamp.
 12595 | Lair:3   | Identified the +5 mace of a Labyrinth {spect, rN+}
 13067 | Lair:3   | Acquired the ring "Gedunuoc" {MP-9 EV+5 Str+2 Dex+3}
 13116 | Lair:4   | Reached skill level 18 in Axes
 13464 | Lair:4   | Found a staircase to the Slime Pits.
 13672 | Lair:4   | Received a gift from Okawaru
 14751 | Lair:5   | Entered Level 5 of the Lair of Beasts
 15168 | Lair:5   | Reached XP level 14. HP: 130/130 MP: 5/14
 15173 | Lair:5   | Received a gift from Okawaru
 15424 | Lair:5   | Found a runed translucent door.
 15466 | Lair:5   | Paralysed by a hornet for 1 turns
 15467 | Lair:5   | Reached skill level 19 in Axes
 15474 | Lair:5   | Reached skill level 1 in Evocations
 16533 | Orc:1    | Entered Level 1 of the Orcish Mines
 16716 | Orc:2    | Entered Level 2 of the Orcish Mines
 16813 | Orc:2    | Noticed an orc warlord
 17123 | Orc:2    | Killed an orc warlord
 17169 | Orc:2    | Received a gift from Okawaru
 17190 | Orc:2    | Found Heizygoc's Antique Armour Shoppe.
 17263 | Orc:2    | Found Raikept's Antique Weapon Shoppe.
 17377 | Orc:2    | Found a staircase to the Elven Halls.
 17534 | Orc:2    | Noticed Erolcha
 17543 | Orc:2    | Killed Erolcha
 17678 | Orc:2    | Found Sutyor's Jewellery Shoppe.
 17693 | Orc:2    | Found Nytofak's General Store.
 18274 | Orc:2    | Bought the +5 Storm Queen's Shield {shock, Fly rElec} for
                  | 1368 gold pieces
 18274 | Orc:2    | Found the +5 Storm Queen's Shield {shock, Fly rElec}
 18407 | D:11     | Killed QuickerDeath's ghost
 18412 | D:11     | Killed Osmutonn's ghost
 18421 | D:11     | Identified the +5 longbow of the Hated {elec, Int+3}
 18525 | Snake:1  | Entered Level 1 of the Snake Pit
 18666 | Snake:1  | Noticed Frances
 18675 | Snake:1  | Killed Frances
 18690 | Snake:1  | Reached skill level 15 in Fighting
 18959 | Snake:1  | Noticed a nagaraja
 18960 | Snake:1  | Noticed a nagaraja
 18966 | Snake:1  | Reached XP level 15. HP: 28/141 MP: 3/15
 18966 | Snake:1  | HP: 3/141 [constriction (6)]
 18968 | Snake:1  | Slain by a salamander mystic

Illustrated notes

Levels and vault maps discovered:
D:1:      dpeg_arrival_oval, layout_rooms, serial_bayou_crossing
D:2:      layout_loops_ring, uniq_sigmund
D:3:      layout_rooms, mainiacjoe_overflow_cross_hatched
D:4:      layout_loops_cross, general_overflow_altar, tgw_trog,
          ebering_ghost_rock_garden, nrook_campfire
D:5:      layout_rooms, riverfiend_overflow_shadow_ancestor,
          dancing_weapons_uskayaw, xom_redecorated,
          amethyst_overflow_temple_binary, uniq_blork_the_orc
D:6:      layout_cave_pools
D:7:      layout_basic, elyvilon_altar_1, temple_pool_b, uniq_duvessa,
          uniq_menkaure
D:8:      layout_loops_ring, lemuel_round_altar,
          lemuel_zombie_altar_kikubaaqudgha, jmf_multi_god_temple, uniq_amaemon,
          uniq_joseph
D:9:      layout_irregular_city, mainiacjoe_overflow_catwalk, orc_0_dummy,
          serial_shops, kennysheep_little_box, serial_ice, serial_ice_l,
          serial_ice_o, serial_ice_a, serial_ice_c, serial_ice_n, serial_ice_m,
          serial_ice_d
D:10:     layout_long_grid, nicolae_overflow_crystal_walls, fountainhead,
          uniq_josephine, uniq_lodul, uniq_harold
D:11:     layout_roguey, lair_entry_dummy, gammafunk_ghost_cemetery
Lair:1:   layout_hall_layers, disabler_island
Lair:2:   layout_loops_ring, palyth_hydra_swamp_entry,
          guppyfry_snake_entry_island, cheibrodos_lair_caveside_slide,
          serial_bayou_shore_a, lemuel_fruit_fields
Lair:3:   layout_chaotic_city, lemuel_fruit_tree
Lair:4:   layout_small_grid, minmay_slime_entry_pillars
Lair:5:   wormcave, layout_regular_city, grunt_forest_stairs_basic,
          grunt_megastairs_3
Snake:1:  layout_basic, grunt_ministairs_14, nicolae_snake_scaly_snakehead,
          grunt_megastairs_4, minmay_shop_star, uniq_frances, uniq_roxanne
Orc:1:    layout_caves, basic_altar
Orc:2:    grunt_orc_cross, layout_caves, guppyfry_library_mini, uniq_erolcha

Skill      XL: |  1  2  3  4  5  6  7  8  9 10 11 12 13 14 |
---------------+-------------------------------------------+-----
Armour         | 5 6 7 9 10 11 12 13 14 | 14.7
Fighting       | 4 5 7 8 9 11 12 13 15 | 15.2
Axes           | 4 6 7 9 11 13 15 17 18 19 | 19.8
Shields        | 4 5 6 7 8 9 10 11 14 | 14.0
Dodging        | 1 2 |  2.8
Invocations    | 1 2 |  2.6
Evocations     | 1 |  1.3
Stealth        | |  0.1

Action                     |  1- 3 |  4- 6 |  7- 9 | 10-12 | 13-15 || total
---------------------------+-------+-------+-------+-------+-------++-------
  Melee: War axe           |    45 |    83 |   111 |   153 |       ||   392
         Headbutt          |     5 |     9 |    17 |    58 |    90 ||   179
         Broad axe         |       |       |       |   159 |   482 ||   641
 Invoke: Heroism           |       |       |     1 |    11 |    19 ||    31
  Evoke: Wand              |       |     2 |       |     2 |     8 ||    12
    Use: Scroll            |       |    12 |     9 |     7 |     7 ||    35
         Potion            |       |       |       |       |     3 ||     3
 Armour: Chain mail        |    16 |    53 |    44 |       |       ||   113
         Scale mail        |     3 |       |       |       |       ||     3
         Plate armour      |       |       |    28 |   146 |   158 ||   332
  Dodge: Dodged            |    22 |    28 |    66 |   124 |   177 ||   417
  Block: Buckler           |     7 |    19 |       |       |       ||    26
         Kite shield       |       |    32 |    75 |   206 |   422 ||   735
         Reflection        |       |     2 |       |       |    18 ||    20

Table legend: (Time is in decaauts)
 A = Elapsed time spent in this place.
 B = Non-inter-level travel time spent in this place.
 C = Inter-level travel time spent in this place.
 D = Time resting spent in this place.
 E = Time spent auto-exploring this place.
 F = Levels seen in this place.
 G = Mean time per level.
                   A        B        C        D        E       F      G
               +--------+--------+--------+--------+--------+-----+--------+
         Total |  19090 |  17957 |   1133 |    477 |  14232 |  19 | 1004.7 |
       Dungeon |  10334 |   9793 |    541 |    275 |   7701 |  11 |  939.5 |
          Lair |   6574 |   6025 |    549 |    202 |   5004 |   5 | 1314.8 |
     Snake Pit |    432 |    432 |      0 |      0 |    335 |   1 |  432.0 |
  Orcish Mines |   1750 |   1708 |     42 |      0 |   1192 |   2 |  875.0 |
               +--------+--------+--------+--------+--------+-----+--------+

Top non-repeatable levels by time:
  Lair:2: 1696 daAuts
  Lair:5: 1605 daAuts
    D:11: 1490 daAuts
  Lair:4: 1393 daAuts
    D:10: 1374 daAuts
     D:7: 1333 daAuts
   Orc:2: 1133 daAuts
     D:8: 978 daAuts
  Lair:1: 953 daAuts
  Lair:3: 925 daAuts
     D:4: 872 daAuts
     D:5: 860 daAuts
     D:9: 857 daAuts
     D:2: 748 daAuts
     D:6: 706 daAuts
